 Dungeon Crawl Stone Soup version 0.19-a0-1049-g462a813 (webtiles) character file.

17644 4thArraOfDagon the Grappler (level 12, -4/104 HPs)
             Began as a Troll Abyssal Knight on July 31, 2016.
             Was a Priest of Lugonu.
             Slain by a hill giant
             ... wielding a +0 giant club
              (16 damage)
             ... on level 11 of the Dungeon.
             The game lasted 00:31:16 (5238 turns).

4thArraOfDagon the Grappler (Troll Abyssal Knight)  Turns: 5238, Time: 00:31:17

Health: -4/104     AC: 11    Str: 23    XL:     12   Next: 20%
Magic:  18/18      EV: 10    Int: 15    God:    Lugonu [***...]
Gold:   1548       SH: 15    Dex: 13    Spells: 0 memorised, 11 levels left

rFire  . . .     SeeInvis .       - Unarmed
rCold  . . .     Gourm    +     v - +2 robe of the Ward {Dex+2}
rNeg   . . .     Faith    .     l - +2 shield {AC+3}
rPois  .         Spirit   .     (helmet restricted)
rElec  .         Dismiss  .     y - +0 cloak
rCorr  .         Reflect  +     (gloves unavailable)
SustAt +         Harm     .     (boots unavailable)
MR     .....     Clarity  +     i - +2 amulet of reflection
Stlth  +.........               x - ring of sustain attributes
                                F - +3 ring of intelligence

@: lethally poisoned (-4 -> -5), not resistant to hostile enchantments, very
unstealthy
A: unfitting armour, claws 3, agile 1, clarity, fast metabolism 3, gourmand,
regeneration 2, shaggy fur 1, tough skin 2
a: Depart the Abyss, Bend Space, Banish, Renounce Religion


You were on level 11 of the Dungeon.
You worshipped Lugonu.
Lugonu was most pleased with you.
You were completely stuffed.

You visited 2 branches of the dungeon, and saw 15 of its levels.
You visited the Abyss 1 time.
You also visited: Bailey and Ice Cave.

You collected 1730 gold pieces.
You spent 182 gold pieces at shops.

Inventory:

Hand Weapons
 o - the +9 eveningstar "Beastbane" {crush, rN+ MR- Dex+4}
   (You found it in a bailey)

   It inflicts extra damage upon your enemies.
   It affects your dexterity (+4).
   It protects you from negative energy.
   It affects your resistance to hostile enchantments.
 z - a +1 giant spiked club of flaming
Missiles
 r - 6 javelins (quivered)
Armour
 l - a +2 shield of protection (worn)
 v - the +2 robe of the Ward (worn) {Dex+2}
   (You bought it in a shop on level 12 of the Dungeon)

   It affects your dexterity (+2).
 y - a +0 cloak (worn)
 D - a troll hide
Magical Staves
 M - an uncursed staff of earth
Jewellery
 g - an uncursed ring of ice
 i - a +2 amulet of reflection (around neck)
 x - a ring of sustain attributes (right claw)
 F - a +3 ring of intelligence (left claw)
Wands
 k - a wand of slowing (18/48)
 p - a wand of paralysis (8/24)
 q - a wand of acid (0/15)
 s - a wand of iceblast (0/15)
 A - a wand of confusion (24/48)
 I - a wand of acid (7/15)
 J - a wand of lightning (6/15)
Scrolls
 c - 4 scrolls of remove curse
 j - 3 scrolls of teleportation
 C - a scroll of magic mapping {unknown}
 E - a scroll of recharging {unknown}
 G - 2 scrolls of immolation {unknown}
 K - a scroll of noise {unknown}
 L - a scroll of vulnerability {unknown}
Potions
 d - a potion of heal wounds
 e - a potion of ambrosia {unknown}
 f - a potion of degeneration {unknown}
 m - a potion of cure mutation {unknown}
 n - 2 potions of curing {unknown}
 t - 3 potions of lignification {unknown}
 u - a potion of cancellation {unknown}
 B - a potion of might
Miscellaneous
 a - a phial of floods (inert)
 H - a fan of gales
Comestibles
 b - 9 bread rations
 h - 7 meat rations
 w - 4 royal jellies


   Skills:
 - Level 2.4 Fighting
 - Level 1.9 Dodging
 * Level 7.5 Shields
 * Level 14.4 Unarmed Combat
 + Level 9.6 Invocations


You had 11 spell levels left.
You didn't know any spells.

Dungeon Overview and Level Annotations

Branches:
Dungeon (14/15)            Temple (0/1) D:4             Orc (1/2) D:12
   Lair: D:8-11      Vaults: D:13-14

Altars:
Gozag
Okawaru
Pakellas
Sif Muna

Shops:
D:4 =   D:7 :   D:12 [

Portals:
Trove: D:13 (give 3 potions of cure mutation)

Annotations:
D:1 1 exclusion
D:6 exclusion: downstairs
D:7 Pikel
D:8 Joseph
D:9 Grum
D:13 Frances, Rupert


Innate Abilities, Weirdness & Mutations

You are too large for most types of armour.
You have claws for hands.
Your metabolism is lightning-fast.
You like to eat raw meat.
You heal very quickly.
You are covered in fur. (AC +1)
You have very tough skin. (AC +2)
You are agile. (Dex +2)
You possess an exceptional clarity of mind.


Message History

The hill giant hits you with a giant club!
You mangle the hill giant!!
The hill giant is almost dead.
You block the adder's attack.
You scratch the hill giant.
The hill giant is almost dead.
The hill giant hits you with a giant club!!
* * * LOW HITPOINT WARNING * * *
The adder barely misses you.
You are too injured to fight recklessly!
You are too injured to fight recklessly!
You are too injured to fight recklessly!
You completely miss the hill giant.
The hill giant is almost dead.
The adder bites you.
* * * LOW HITPOINT WARNING * * *
You are poisoned.
The adder poisons you!
The hill giant hits you with a giant club!
You die...

..........
#.........#
####.........#
#............#
#......SZ....#
#.....Z......#
.##...?.C###..#######
........S@...........
.............>###
#.#......######
#......# #......#
########


You could see a hill giant, an adder and a giant frog zombie.

Vanquished Creatures
  Nessos (D:12)
  Josephine (D:13)
  A death yak (IceCv)
  An orc knight (Bailey)
  2 griffons
  Maurice (D:11)
  An ice statue (IceCv)
  2 trolls (D:14)
  A troll (shapeshifter) (D:14)
  6 polar bears (IceCv)
  Sigmund (D:6)
  3 wraiths (D:13)
  19 yaks
  A wyvern (D:13)
  Eustachio (D:6)
  Menkaure (D:7)
  9 orc warriors
  10 ice beasts
  2 sky beasts
  2 black bears
  5 ogres
  2 necrophages
  A centaur (D:9)
  12 wolves
  A big kobold (D:12)
  6 giant frogs
  5 gnoll sergeants (D:12)
  A wyvern zombie (D:9)
  A scorpion (D:7)
  10 killer bees (D:9)
  7 howler monkeys
  4 crimson imps
  4 centaur zombies
  A jelly (D:14)
  A gnoll shaman (D:7)
  3 orc priests
  A hound (D:11)
  A centaur skeleton (D:4)
  An iguana (D:12)
  An orc wizard (D:7)
  3 worker ants
  A hound skeleton (D:6)
  2 worker ant zombies
  8 gnolls
  3 adders
  2 river rats (D:6)
  4 shadow imps
  2 oozes
  2 ufetubi (Abyss:1)
  2 worms
  2 dart slugs (D:1)
  3 giant geckos
  18 orcs
  2 bats (D:1)
  3 giant cockroaches
  2 hobgoblins (D:1)
  2 jackals (D:1)
  A kobold (D:1)
  A ball python (D:1)
  4 giant newts
  7 goblins
  2 rats
210 creatures vanquished.

Vanquished Creatures (collateral kills)
  An orc knight (Bailey)
1 creature vanquished.

Vanquished Creatures (others)
  A frost giant (IceCv)
  A hydra (D:14)
  An orc knight (Bailey)
  A troll (D:12)
  A queen bee (D:9)
  8 polar bears (IceCv)
  4 orc warriors (Bailey)
  2 wolves (IceCv)
  4 killer bees (D:9)
  7 starspawn tentacles (IceCv)
  A starspawn tentacle segment (IceCv)
31 creatures vanquished.

Grand Total: 242 creatures vanquished

Notes
Turn   | Place    | Note
-------+----------+-------------------------------------------
     0 | Abyss:1  | 4thArraOfDagon the Troll Abyssal Knight began the quest for the Orb.
     0 | Abyss:1  | Reached XP level 1. HP: 22/22 MP: 1/1
   112 | Abyss:1  | Reached XP level 2. HP: 4/29 MP: 2/2
   194 | Abyss:2  | Noticed an Executioner
   201 | Abyss:2  | Noticed a hellwing
   202 | Abyss:2  | Noticed a thrashing horror
   203 | D:1      | Escaped the Abyss
   410 | D:1      | Reached * piety under Lugonu
   556 | D:1      | Reached skill level 3 in Unarmed Combat
   584 | D:1      | Reached XP level 3. HP: 36/36 MP: 3/3
   630 | D:2      | 4thArraOfDagon: 7 spects???
   760 | D:2      | tstbtto: because you are awesome 4th
   876 | D:4      | Found a staircase to the Ecumenical Temple.
   877 | D:4      | 4thArraOfDagon: o gosh
   877 | D:4      | 4thArraOfDagon: let me entertain you then
   888 | D:4      | Reached XP level 4. HP: 42/44 MP: 4/4
   901 | D:4      | Reached skill level 4 in Unarmed Combat
   955 | D:4      | Found Urugeukh's Jewellery Emporium.
   972 | D:4      | let
   972 | D:4      | me
   972 | D:4      | entertian yi
   972 | D:4      | You fall through a shaft for 3 floors!
   975 | D:7      | Noticed Pikel
   975 | D:7      | Noticed a slave
   976 | D:7      | Noticed a slave
  1019 | D:9      | Noticed a giant frog
  1029 | D:8      | Killed a giant frog
  1029 | D:8      | Reached XP level 5. HP: 34/50 MP: 4/6
  1035 | D:8      | Noticed Joseph
  1044 | D:7      | ok
  1072 | D:7      | Reached skill level 5 in Unarmed Combat
  1080 | D:7      | Reached XP level 6. HP: 52/59 MP: 7/7
  1142 | D:7      | Noticed an ice beast
  1151 | D:7      | Killed an ice beast
  1151 | D:7      | Reached skill level 6 in Unarmed Combat
  1187 | D:6      | Noticed Sigmund
  1198 | D:6      | Killed Sigmund
  1198 | D:6      | Reached XP level 7. HP: 52/66 MP: 9/9
  1212 | D:6      | zero: 4thTV is online
  1230 | D:6      | Found an opulent altar of Gozag.
  1251 | D:6      | Noticed Menkaure
  1336 | D:6      | Noticed Eustachio
  1353 | D:6      | Killed Eustachio
  1353 | D:6      | Reached ** piety under Lugonu
  1353 | D:6      | Reached skill level 7 in Unarmed Combat
  1537 | D:6      | cant detect
  1537 | D:6      | 4thArraOfDagon: cant detec
  1552 | D:5      | Entered Level 5 of the Dungeon
  1655 | D:5      | Gained mutation: You are agile. (Dex +2) [mutagenic meat]
  1658 | D:5      | Gained mutation: You possess an exceptional clarity of mind. [mutagenic meat]
  1678 | D:5      | Reached skill level 5 in Invocations
  1678 | D:5      | Reached XP level 8. HP: 67/74 MP: 10/10
  1837 | D:7      | Reached skill level 8 in Unarmed Combat
  1948 | D:7      | Found an iron altar of Okawaru.
  1960 | D:7      | Killed Menkaure
  1973 | D:7      | Found Nuivaopn's Book Emporium.
  1988 | D:7      | fail
  2166 | D:7      | Reached skill level 9 in Unarmed Combat
  2191 | D:7      | Found an oddly glowing altar of Pakellas.
  2373 | D:8      | Found a deep blue altar of Sif Muna.
  2471 | D:8      | Reached *** piety under Lugonu
  2513 | D:8      | because
  2513 | D:8      | its
  2513 | D:8      | FUN
  2515 | D:9      | no
  2529 | D:9      | Reached skill level 10 in Unarmed Combat
  2529 | D:9      | Reached XP level 9. HP: 64/80 MP: 12/12
  2779 | D:9      | Noticed a queen bee
  2779 | D:9      | Banished a queen bee
  2850 | D:9      | Reached skill level 11 in Unarmed Combat
  2854 | D:9      | Noticed Grum
  2901 | D:10     | Entered Level 10 of the Dungeon
  2994 | D:11     | Noticed Maurice
  3016 | D:11     | Killed Maurice
  3065 | D:11     | Reached XP level 10. HP: 77/88 MP: 14/14
  3085 | D:12     | Identified a scroll of acquirement
  3213 | D:12     | Reached skill level 1 in Shields
  3224 | D:12     | Reached skill level 12 in Unarmed Combat
  3399 | D:12     | Found a staircase to the Orcish Mines.
  3477 | D:12     | Found Vaymuaxt's Antique Armour Shoppe.
  3480 | D:12     | Bought a distressingly furry robe for 182 gold pieces
  3529 | D:12     | Found a flagged portal.
  3540 | Bailey   | Entered a bailey
  3540 | Bailey   | Noticed an orc knight
  3554 | Bailey   | Identified the +2 robe of the Ward {Dex+2} (You bought it in a shop on level 12 of the Dungeon)
  3562 | Bailey   | Noticed an orc knight
  3566 | Bailey   | Noticed an orc knight
  3645 | Bailey   | Noticed an orc knight
  3650 | Bailey   | Killed an orc knight
  3651 | Bailey   | Banished an orc knight
  3707 | Bailey   | Killed an orc knight
  3759 | Bailey   | Got a smoking eveningstar
  3763 | Bailey   | Identified the +9 eveningstar "Beastbane" {crush, rN+ MR- Dex+4} (You found it in a bailey)
  3825 | D:13     | Found a portal to a secret trove of treasure.
  3888 | D:13     | Noticed Josephine
  3920 | D:13     | Killed Josephine
  3920 | D:13     | Reached skill level 13 in Unarmed Combat
  3923 | D:13     | Reached XP level 11. HP: 85/94 MP: 16/16
  4101 | D:14     | Noticed a griffon
  4104 | D:14     | Reached skill level 5 in Shields
  4115 | D:14     | Killed a griffon
  4116 | D:14     | Noticed a four-headed hydra
  4117 | D:14     | Banished a four-headed hydra
  4135 | D:14     | Found a frozen archway.
  4228 | IceCv    | Entered an ice cave
  4570 | IceCv    | Reached **** piety under Lugonu
  4577 | IceCv    | Reached skill level 14 in Unarmed Combat
  4733 | IceCv    | Noticed a death yak
  4759 | IceCv    | Killed a death yak
  4759 | IceCv    | Reached XP level 12. HP: 23/104 MP: 18/18
  4906 | IceCv    | Noticed a frost giant
  4908 | IceCv    | Corrupted IceCv
  4908 | IceCv    | Noticed a tentacled starspawn
  4908 | IceCv    | Noticed a cacodemon
  4917 | IceCv    | Killed a frost giant
  4920 | IceCv    | Noticed a tentacled starspawn
  5089 | D:13     | Noticed Rupert
  5117 | D:13     | Noticed Frances
  5121 | D:13     | Noticed an anaconda
  5122 | D:13     | an anaconda changed into a wolf spider
  5139 | D:12     | Noticed Nessos
  5148 | D:12     | Killed Nessos
  5194 | Orc:1    | Entered Level 1 of the Orcish Mines
  5194 | Orc:1    | Noticed an orc warlord
  5238 | D:11     | Slain by a hill giant

Vault maps used:
D:1:      dpeg_cavernosity
D:2:      tso_oasis_becter, ecumenical_altar_2, serial_glass, glass_columns_a,
          glass_columns_c, minmay_strange_pillars, item_on_display_b,
          minmay_strange_pillars, item_on_display_a
D:3:      lemuel_crystal_altar, nrook_uturn, uniq_natasha
D:4:      first_bread, serial_shops, kennysheep_mini_moat
D:6:      kennysheep_little_box, portal_sewer_entry_a,
          corexii_item_surrounded_by_moat, uniq_sigmund, uniq_eustachio,
          uniq_menkaure
D:7:      okawaru_gym_becter, grunt_temple_overflow_diamond, basic_altar,
          serial_shops, nicolae_shop_window_shopping, uniq_pikel
D:8:      nicolae_overflow_crystal_walls, uniq_joseph, uniq_psyche
D:9:      minmay_gate_of_8, nicolae_overflow_hidden_temple, david_nohive_1,
          uniq_grum
D:10:     lair_0_dummy, uniq_gastronok
D:11:     minmay_misc_feat_x, st_stairs_14, uniq_maurice
D:12:     kennysheep_orc_monster_closet_entryway, enter_bailey_3, serial_shops,
          nicolae_shop_behind_doors, uniq_nessos
D:13:     david_vaults_2, enter_trove_1, wad_hexagon, uniq_josephine,
          uniq_frances, uniq_rupert
D:14:     special_room, corexii_leaking_fountain,
          portal_ice_cave_entry_ice_beasts, grunt_ministairs_4
Orc:1:    basic_altar, serial_shops, shop
Bailey:   bailey_polearm_4, bailey
IceCv:    ice_cave_caverns_02

Skill      XL: |  1  2  3  4  5  6  7  8  9 10 11 |
---------------+----------------------------------+-----
Invocations    | 2 3 4 5 6 7 8 9 |  9.6
Unarmed Combat | 3 4 5 6 7 10 11 13 14 | 14.4
Shields        | 4 7 |  7.5
Fighting       | |  2.4
Dodging        | |  1.9

Action                   |  1- 3 |  4- 6 |  7- 9 | 10-12 || total
-------------------------+-------+-------+-------+-------++-------
Melee: Unarmed           |    82 |    49 |   273 |   446 ||   850
       Punch             |       |     1 |     9 |       ||    10
Throw: Javelin           |       |       |       |     4 ||     4
Invok: Depart the Abyss  |     1 |       |       |       ||     1
       Banish            |       |       |     5 |    11 ||    16
       Corrupt           |       |       |       |     1 ||     1
Evoke: Wand              |       |       |     7 |    20 ||    27
       Phial of floods   |       |       |       |     1 ||     1
  Use: Scroll            |     1 |     2 |     2 |     8 ||    13
       Potion            |       |       |     1 |     1 ||     2
 Stab: Paralysed         |       |       |       |     3 ||     3
  Eat: Chunk             |    12 |     4 |    15 |    27 ||    58
       Royal jelly       |       |       |       |     3 ||     3
       Pizza             |       |       |       |     1 ||     1
Armor: Robe              |    45 |     8 |    71 |   105 ||   229
Dodge: Dodged            |    46 |    22 |   114 |    87 ||   269
Block: Other             |       |       |    15 |       ||    15
       Shield            |       |       |       |   238 ||   238
       Reflection        |       |       |       |     8 ||     8
